 Dungeon Sprint DCSS version 0.30.0-19-g36f170ea60 (webtiles) character file.

Game seed: 1344242204790833790

14500000 Groucho the Intangible (level 27, -30/228 HPs)
             Began as a Djinni Warper on May 27, 2023.
             Was the Champion of Makhleb.
             Annihilated by The Servant
             ... wielding a +9 glaive of flaming
              (65 damage)
             ... in the Dungeon (Sprint VIII: "Arena of Blood").
             The game lasted 00:05:54 (145 turns).

Groucho the Intangible (Djinni Warper)               Turns: 145, Time: 00:05:54

Health: -30/228    AC:  6    Str: 10    XL:     27
Gold:   0          EV: 30    Int: 23    God:    Makhleb [******] SH:  0 Dex: 19

rFire   + + .        i - +∞ Axe of Woe
rCold   x . .        (shield currently unavailable)
rNeg    . . .        b - +0 leather armour
rPois   ∞            (no helmet)
rElec   .            (no cloak)
rCorr   .            (no gloves)
SInv    +            (boots unavailable)
Will    ++...        (no amulet)
Stlth   ++++++++++   j - ring of see invisible
HPRegen 0.58/turn    (no ring)
MPRegen 0.00/turn

%: no teleportation, infuse magic (-31 HP)
@: flying, slowed, very slow
A: sickness immunity, fire resistance 2, cold vulnerability 1, float, innate
caster, HP casting, extra vitality 1
a: Renounce Religion, Minor Destruction, Lesser Servant of Makhleb, Major
Destruction, Greater Servant of Makhleb


You were in the Dungeon.
You worshipped Makhleb.
Makhleb was exalted by your worship.
You visited 1 branch

Inventory:

Hand Weapons
 a - a +0 hand axe
 i - the +∞ Axe of Woe (weapon)
   (You found it in the Dungeon)
Missiles
 d - 7 boomerangs of dispersal
Armour
 b - a +0 leather armour (worn)
Jewellery
 g - a +250 ring of slaying
 j - a ring of see invisible (left hand)
 k - a +100 ring of slaying
 l - a +200 ring of slaying
 m - a +200 ring of slaying
 n - a +200 ring of slaying
 o - a +200 ring of slaying
 p - a +200 ring of slaying
Scrolls
 c - 2 scrolls of blinking
Potions
 e - a potion of curing
 f - a potion of heal wounds
 h - a potion of berserk rage


   Skills:
 O Level 27 Fighting
 O Level 27 Short Blades
 O Level 27 Long Blades
 O Level 27 Axes
 O Level 27 Maces & Flails
 O Level 27 Polearms
 O Level 27 Staves
 O Level 27 Ranged Weapons
 O Level 27 Throwing
 O Level 27 Armour
 O Level 27 Dodging
 O Level 27 Stealth
 O Level 27 Shields
 O Level 27 Unarmed Combat
 O Level 27 Spellcasting
 O Level 27 Invocations
 O Level 27 Evocations


You knew the following spells:

 Your Spells              Type           Power      Damage    Failure   Level
a - Blink                 Tloc           100%       N/A       0%          2
b - Lesser Beckoning      Tloc           100%       N/A       0%          2
c - Vhi's Electric Charg  Tloc/Air       100%       N/A       0%          3
d - Teleport Other        Tloc           100%       N/A       0%          3
e - Manifold Assault      Tloc           100%       N/A       0%          4
f - Beastly Appendage     Tmut           100%       N/A       0%          1
g - Searing Ray           Conj           100%       2d8       0%          2
h - Poisonous Vapours     Pois/Air       100%       N/A       0%          2
i - Airstrike             Air            50%        2d(8-24)  0%          4
j - Leda's Liquefaction   Hex/Erth       50%        N/A       0%          4
k - Metabolic Englaciati  Hex/Ice        50%        N/A       0%          5
l - Summon Cactus Giant   Summ           50%        N/A       0%          6
m - Starburst             Conj/Fire      50%        6d14      0%          6
n - Ozocubu's Refrigerat  Ice            50%        4d18      0%          7
o - Necromutation         Tmut/Necr      50%        N/A       1%          8
p - Haunt                 Necr/Summ      50%        N/A       0%          7
q - Polar Vortex          Ice            50%        N/A       1%          9
r - Shatter               Erth           50%        3d38*     1%          9
Your spell library was empty.

Dungeon Overview and Level Annotations

Branches:
Dungeon (1/1)

Altars:
Makhleb

Annotations:
D The Servant


Innate Abilities, Weirdness & Mutations

You are immune to sickness and miasma.
You are immune to poison.
Your flesh is very heat resistant. (rF++)
You are vulnerable to cold. (rC-)
You float through the air rather than walking.
You learn spells naturally, not from books.
Your magical power is your life essence.
You have superior vitality. (+4 MHP)


Message History

You kill the observer!
Makhleb accepts your kill.
You feel better.
You hear a shout! x5
The fleshlord gestures at you while chanting.
You barely resist. The dread throws damnation at you.
The sphere of damnation explodes!
The damnation engulfs you!!
The eight-headed meat hydra calls on the powers of darkness!
The eight-headed meat hydra convulses!
The bag of meat convulses!
The Servant convulses!
The bag of meat convulses!
Your body is wracked with pain!
A dread comes into view.
You hear an angry hiss.
You hear a roar!
You hear a shout!
You hear a roar!
You hear a bark!
Unknown command.
Aiming: Major Destruction (0% risk of failure)
Press: ? - help, Shift-Dir - straight line, f - bag of meat
Aim: a bag of meat, wielding a +9 war axe and wearing a +30 ring of slaying (heavily wounded)
The bolt of acid misses the bag of meat.
The bolt of acid hits The Servant!!!
The acid corrodes The Servant!
The Servant is severely wounded. ------------------------------------------------------------------------------ ------------------------------------------------------------------------------ -- The Meatlord has descended... -- ------------------------------------------------------------------------------ ------------------------------------------------------------------------------ You hear a shout! x4
A meat beast comes into view.
You hear a shout! x7
A bag of meat comes into view. It is wielding a +9 war axe.
You hear a shout! x3
An eight-headed meat hydra comes into view.
The eight-headed meat hydra calls on the powers of darkness!
The eight-headed meat hydra convulses!
Your body is wracked with pain!
* * * LOW HITPOINT WARNING * * *
The fleshlord convulses!
The eight-headed meat hydra convulses!
The bag of meat convulses!
You hear a shout!
A bag of meat comes into view. It is wielding a +9 war axe. x2
The bag of meat hits you with a +9 war axe!
* * * LOW HITPOINT WARNING * * *
The Servant hits you from afar with a +9 glaive of flaming!!!
You die...
Go...

.. #... ..# . #... ..#
V..###... .)###.
)o.D...)###)...oD
#.....))@_.......
D.)...#.oo..# †).
....†.#_2@._#†.).
.#..)....#).)..#....
°§..#.)).)).)_).)&2).
§☼...)))...W###.)).Do
..).).)###..).).)###.)
)..)).)..#)W.)...#..)).
.)...)..)#.)))...#).)..
#))))....))))).)..)....
#)#....)..)..).).S..#.


You could see The Meatlord (wandering), 2 meat beasts, The Servant (corroded), 3
eight-headed meat hydras, an observer (wandering, fast, invisible), 2 dreads and
5 bags of meat.

Vanquished Creatures
  7 hell knights (D)
  9 hell beasts (D)
  3 royal mummies (D)
  5 great orbs of eyes (D)
  6 wraiths (D)
  14 vampire knights (D)
  41 ogres (D)
  5 two-headed ogres (D)
  10 liches (D)
  6 hydras (D)
  8 phantoms (D)
  70 orcs (D)
  9 skeletal warriors (D)
  2 sea snakes (D)
195 creatures vanquished.

Notes
Turn   | Place    | Note
-------+----------+-------------------------------------------
     0 | D        | Found the +∞ Axe of Woe
     0 | D        | Groucho the Djinni Warper began the quest for the Orb.
     0 | D        | Groucho set off with the following spells memorised: Blink,
                  | Lesser Beckoning, Vhi's Electric Charge, Teleport Other,
                  | Manifold Assault.
     0 | D        | Reached XP level 1. HP: 18/18 MP: 0/0
     2 | D        | Noticed a bag of meat
     3 | D        | Noticed a bag of meat
     3 | D        | Noticed a bag of meat
     4 | D        | Became a worshipper of Makhleb the Destroyer
     5 | D        | Noticed a meat berserker
     6 | D        | Noticed a bag of meat
     8 | D        | Killed a bag of meat
     8 | D        | Noticed a bag of meat
     8 | D        | Noticed a bag of meat
     8 | D        | Noticed a bag of meat
     8 | D        | Noticed a bag of meat
     8 | D        | Noticed a bag of meat
     9 | D        | Reached XP level 2. HP: 23/23 MP: 0/0
     9 | D        | Reached XP level 3. HP: 28/28 MP: 0/0
     9 | D        | Learned a level 1 spell: Beastly Appendage
     9 | D        | Reached XP level 4. HP: 33/33 MP: 0/0
     9 | D        | Reached XP level 5. HP: 38/38 MP: 0/0
     9 | D        | Learned a level 2 spell: Searing Ray
     9 | D        | Reached XP level 6. HP: 43/43 MP: 0/0
     9 | D        | Reached XP level 7. HP: 49/49 MP: 0/0
     9 | D        | Learned a level 2 spell: Poisonous Vapours
     9 | D        | Reached XP level 8. HP: 54/54 MP: 0/0
     9 | D        | Reached XP level 9. HP: 58/58 MP: 0/0
     9 | D        | Learned a level 4 spell: Airstrike
     9 | D        | Reached XP level 10. HP: 64/64 MP: 0/0
     9 | D        | Reached XP level 11. HP: 68/68 MP: 0/0
     9 | D        | Learned a level 4 spell: Leda's Liquefaction
     9 | D        | Killed a bag of meat
     9 | D        | Reached * piety under Makhleb
     9 | D        | Killed a meat berserker
     9 | D        | Noticed a meat berserker
     9 | D        | Noticed a bag of meat
     9 | D        | Noticed a bag of meat
    10 | D        | Reached skill level 15 in Axes
    10 | D        | Reached XP level 12. HP: 74/74 MP: 0/0
    10 | D        | Reached XP level 13. HP: 78/78 MP: 0/0
    10 | D        | Learned a level 5 spell: Metabolic Englaciation
    10 | D        | Killed a bag of meat
    10 | D        | Killed a bag of meat
    10 | D        | Reached ** piety under Makhleb
    10 | D        | Killed a bag of meat
    10 | D        | Killed a bag of meat
    10 | D        | Noticed a bag of meat
    11 | D        | Reached XP level 14. HP: 85/85 MP: 0/0
    11 | D        | Reached XP level 15. HP: 89/89 MP: 0/0
    11 | D        | Learned a level 6 spell: Summon Cactus Giant
    11 | D        | Reached *** piety under Makhleb
    11 | D        | Noticed a meat berserker
    11 | D        | Noticed a meat berserker
    13 | D        | Killed a meat berserker
    14 | D        | Reached XP level 16. HP: 94/94 MP: 0/0
    14 | D        | Killed a meat berserker
    14 | D        | Reached **** piety under Makhleb
    14 | D        | Noticed a meat berserker
    16 | D        | Reached XP level 17. HP: 99/99 MP: 0/0
    16 | D        | Learned a level 6 spell: Starburst
    17 | D        | Reached skill level 27 in Dodging
    17 | D        | Reached skill level 27 in Spellcasting
    17 | D        | Reached ***** piety under Makhleb
    17 | D        | Noticed a meat berserker
    17 | D        | Noticed a meat berserker
    17 | D        | Noticed a meat berserker
    18 | D        | Killed a meat berserker
    19 | D        | Reached skill level 27 in Axes
    19 | D        | Reached skill level 5 in Invocations
    19 | D        | Reached XP level 18. HP: 120/120 MP: 0/0
    19 | D        | Killed a meat berserker
    19 | D        | Killed a meat berserker
    19 | D        | Killed a meat berserker
    20 | D        | Reached skill level 15 in Invocations
    20 | D        | Reached XP level 19. HP: 157/157 MP: 0/0
    20 | D        | Learned a level 7 spell: Ozocubu's Refrigeration
    20 | D        | Reached ****** piety under Makhleb
    20 | D        | Killed a meat berserker
    23 | D        | Noticed a destroyer
    24 | D        | Reached skill level 27 in Fighting
    24 | D        | Reached XP level 20. HP: 181/181 MP: 0/0
    24 | D        | Noticed a destroyer
    25 | D        | Noticed a destroyer
    25 | D        | Noticed a destroyer
    26 | D        | Noticed a large bag of meat
    26 | D        | Noticed a destroyer
    26 | D        | Noticed a large bag of meat
    27 | D        | Noticed a meat berserker
    27 | D        | Killed a destroyer
    27 | D        | Noticed a meat berserker
    28 | D        | Reached XP level 21. HP: 187/187 MP: 0/0
    28 | D        | Learned a level 8 spell: Necromutation
    28 | D        | Killed a destroyer
    28 | D        | Killed a destroyer
    28 | D        | Killed a large bag of meat
    28 | D        | Noticed an eight-headed meat hydra
    29 | D        | Reached skill level 27 in Stealth
    29 | D        | Reached skill level 27 in Invocations
    30 | D        | Reached skill level 27 in Armour
    30 | D        | Reached skill level 1 in Short Blades
    30 | D        | Reached skill level 1 in Long Blades
    30 | D        | Reached skill level 1 in Maces & Flails
    30 | D        | Reached skill level 1 in Polearms
    30 | D        | Reached skill level 1 in Staves
    30 | D        | Reached skill level 1 in Ranged Weapons
    30 | D        | Reached skill level 1 in Throwing
    30 | D        | Reached skill level 1 in Shields
    30 | D        | Reached skill level 1 in Unarmed Combat
    30 | D        | Reached skill level 1 in Evocations
    30 | D        | Reached XP level 22. HP: 194/194 MP: 0/0
    30 | D        | Killed a destroyer
    30 | D        | Killed an eight-headed meat hydra
    30 | D        | Killed a large bag of meat
    30 | D        | Noticed a large bag of meat
    31 | D        | Killed a large bag of meat
    31 | D        | Noticed a destroyer
    32 | D        | Reached skill level 10 in Maces & Flails
    32 | D        | Reached skill level 10 in Polearms
    32 | D        | Reached skill level 10 in Ranged Weapons
    32 | D        | Reached skill level 10 in Throwing
    32 | D        | Reached XP level 23. HP: 201/201 MP: 0/0
    32 | D        | Learned a level 7 spell: Haunt
    35 | D        | Killed a destroyer
    36 | D        | Reached skill level 15 in Short Blades
    36 | D        | Reached skill level 15 in Long Blades
    36 | D        | Reached skill level 15 in Staves
    36 | D        | Reached XP level 24. HP: 208/208 MP: 0/0
    37 | D        | Killed a destroyer
    38 | D        | Noticed a destroyer
    38 | D        | Killed a destroyer
    39 | D        | Reached skill level 15 in Maces & Flails
    39 | D        | Reached skill level 15 in Polearms
    39 | D        | Reached skill level 15 in Ranged Weapons
    39 | D        | Reached skill level 15 in Throwing
    44 | D        | Reached XP level 25. HP: 214/214 MP: 0/0
    44 | D        | Learned a level 9 spell: Polar Vortex
    44 | D        | Noticed a destroyer
    46 | D        | Killed a destroyer
    47 | D        | Noticed a tyrant
    47 | D        | Killed a tyrant
    54 | D        | Reached XP level 26. HP: 221/221 MP: 0/0
    55 | D        | Noticed an accursed
    57 | D        | Killed an accursed
    61 | D        | Noticed a dread
    62 | D        | Killed a dread
    63 | D        | Noticed a destroyer
    65 | D        | Killed a destroyer
    66 | D        | Reached XP level 27. HP: 228/228 MP: 0/0
    66 | D        | Learned a level 9 spell: Shatter
    67 | D        | Noticed a meat beast
    67 | D        | Killed a meat beast
    68 | D        | Reached skill level 27 in Shields
    68 | D        | Reached skill level 27 in Unarmed Combat
    68 | D        | Reached skill level 27 in Evocations
    70 | D        | Noticed a tyrant
    71 | D        | Noticed a meat beast
    72 | D        | Killed a tyrant
    72 | D        | Noticed a dread
    74 | D        | Killed a meat beast
    74 | D        | Noticed a large bag of meat
    75 | D        | Reached skill level 27 in Short Blades
    75 | D        | Reached skill level 27 in Long Blades
    75 | D        | Reached skill level 27 in Maces & Flails
    75 | D        | Reached skill level 27 in Polearms
    75 | D        | Reached skill level 27 in Staves
    75 | D        | Reached skill level 27 in Ranged Weapons
    75 | D        | Reached skill level 27 in Throwing
    78 | D        | Killed a dread
    79 | D        | Noticed a meat beast
    82 | D        | Noticed a dread
    83 | D        | Killed a large bag of meat
    83 | D        | Killed a dread
    86 | D        | Noticed a meat beast
    87 | D        | Killed a meat beast
    88 | D        | Noticed a destroyer
    88 | D        | Noticed an accursed
    90 | D        | Noticed a destroyer
    91 | D        | Noticed a tyrant
    92 | D        | Noticed a tyrant
    93 | D        | Killed a destroyer
    93 | D        | Killed a tyrant
    93 | D        | Noticed a large bag of meat
    95 | D        | Killed a destroyer
    95 | D        | Killed a large bag of meat
    96 | D        | Noticed a destroyer
    97 | D        | Noticed a tyrant
    97 | D        | Killed a meat beast
    98 | D        | Killed a tyrant
    98 | D        | Killed a destroyer
    99 | D        | Killed an accursed
    99 | D        | Killed a tyrant
   100 | D        | Noticed a tyrant
   101 | D        | Noticed a tyrant
   102 | D        | Killed a tyrant
   103 | D        | Noticed an accursed
   105 | D        | Killed an accursed
   106 | D        | Killed a tyrant
   107 | D        | Noticed a tyrant
   108 | D        | Killed a tyrant
   109 | D        | Noticed a meat beast
   110 | D        | Killed a meat beast
   118 | D        | Noticed a tyrant
   118 | D        | Noticed a fleshlord
   118 | D        | Noticed a dread
   119 | D        | Killed a fleshlord
   120 | D        | Killed a tyrant
   120 | D        | Killed a dread
   121 | D        | Noticed a fleshlord
   123 | D        | Noticed a fleshlord
   123 | D        | Noticed a fleshlord
   124 | D        | Noticed a dread
   124 | D        | Killed a fleshlord
   124 | D        | Killed a dread
   124 | D        | Noticed a fleshlord
   125 | D        | Killed a fleshlord
   125 | D        | Killed a fleshlord
   127 | D        | Noticed a fleshlord
   128 | D        | Killed a fleshlord
   130 | D        | Noticed a dread
   130 | D        | Noticed a fleshlord
   131 | D        | Killed a dread
   131 | D        | Killed a fleshlord
   133 | D        | Noticed a meat beast
   133 | D        | Killed a meat beast
   133 | D        | Noticed a fleshlord
   134 | D        | Noticed a destroyer
   134 | D        | Noticed a meat beast
   134 | D        | Noticed a destroyer
   134 | D        | Noticed a tyrant
   135 | D        | Killed a tyrant
   135 | D        | Killed a destroyer
   135 | D        | Noticed a dread
   137 | D        | Noticed a meat beast
   137 | D        | Killed a meat beast
   137 | D        | Killed a fleshlord
   138 | D        | Noticed a dread
   138 | D        | Noticed a destroyer
   139 | D        | Noticed a meat beast
   140 | D        | Noticed a meat beast
   141 | D        | Killed a meat beast
   142 | D        | Killed a destroyer
   142 | D        | Noticed The Servant
   143 | D        | Killed a meat beast
   143 | D        | Noticed a dread
   143 | D        | Noticed a fleshlord
   144 | D        | Noticed a dread
   145 | D        | Noticed a meat beast
   145 | D        | Annihilated by The Servant

Illustrated notes

Levels and vault maps discovered:
D:        meatsprint

Skill      XL: |  1  2  3  4  5  6  7  8  9 10 11 12 13 14 15 16 17 18 19 20 21 22 23 24 25 26 27 |
---------------+----------------------------------------------------------------------------------+-----
Axes           | 11 15 17 20 21 27 | 27.0
Dodging        | 14 19 22 25 26 27 | 27.0
Spellcasting   | 14 19 22 25 26 27 | 27.0
Fighting       | 8 20 27 | 27.0
Stealth        | 4 13 19 24 27 | 27.0
Invocations    | 5 15 21 26 27 | 27.0
Armour         | 27 | 27.0
Short Blades   | 1 11 15 18 20 23 27 | 27.0
Long Blades    | 1 11 15 18 20 23 27 | 27.0
Maces & Flails | 1 10 14 16 18 21 27 | 27.0
Polearms       | 1 10 14 16 18 21 27 | 27.0
Staves         | 1 11 15 18 20 23 27 | 27.0
Ranged Weapons | 1 10 14 16 18 21 27 | 27.0
Throwing       | 1 10 14 16 18 21 27 | 27.0
Shields        | 1 12 16 19 21 25 27 | 27.0
Unarmed Combat | 1 12 16 19 21 25 27 | 27.0
Evocations     | 1 12 16 19 21 25 27 | 27.0

Action                     |  1- 3 |  4- 6 |  7- 9 | 10-12 | 13-15 | 16-18 | 19-21 | 22-24 | 25-27 || total
---------------------------+-------+-------+-------+-------+-------+-------+-------+-------+-------++-------
  Melee: Executioner's axe |     1 |       |       |     1 |     7 |     9 |    16 |    23 |   132 ||   189
   Cast: Manifold Assault  |       |       |       |       |     1 |     1 |     4 |     5 |    48 ||    59
 Invoke: Major Destruction |       |       |       |       |       |       |       |       |     1 ||     1
    Use: Potion            |       |       |       |       |       |       |       |       |     1 ||     1
 Armour: Leather armour    |       |       |       |       |       |       |       |       |     1 ||     1
  Dodge: Dodged            |       |       |       |       |       |       |       |       |     1 ||     1
